 Dungeon Crawl Stone Soup version 0.31.0-11-ge490571c62 (console) character file.

Game seed: 349061079604905271

1829 jejorda2 the Ruffian (level 8, -3/75 HPs)
             Began as a Yellow Draconian Berserker on Feb 2, 2024.
             Was a Priest of Trog.
             Slain by a yak (12 damage)
             ... on level 7 of the Dungeon.
             The game lasted 00:09:28 (6464 turns).

jejorda2 the Ruffian (Yellow Draconian Berserker)   Turns: 6464, Time: 00:09:29

Health: -3/75      AC:  9    Str: 21    XL:     8   Next: 86%
Magic:  8/8        EV: 12    Int:  8    God:    Trog [***...]
Gold:   313        SH:  0    Dex: 11    Spells: 7/7 levels left

rFire   . .          .
                       - Unarmed
rCold   . . .        (shield currently unavailable)
rNeg    + . .        (body armour unavailable)
rPois   .            t - +2 hat
rElec   .            b - +0 cloak
rCorr   +            (gloves currently unavailable)
SInv    .            (no boots)
Will    .....        (no amulet) Stlth
                     v - ring of positive energy
HPRegen 0.32/turn    (no ring)
MPRegen 0.11/turn

%: no passive effects
@: berserking, blade hands, very quick
A: reduced hp, spit acid, AC +6, unfitting armour, cold-blooded, acid resistance
a: Breathe Acid, Begin Untransformation, Renounce Religion, Berserk, Trog's Hand


You were on level 7 of the Dungeon.
You worshipped Trog.
Trog was most pleased with you.
You had blades for hands.
You visited 1 branch of the dungeon, and saw 7 of its levels.

You collected 313 gold pieces.

Inventory:

Missiles
 n - 2 darts of dispersal
 s - 6 silver javelins
 u - 2 throwing nets
 w - 3 boomerangs
Armour
 b - a +0 cloak (worn)
 t - a +2 hat (worn)
Jewellery
 v - a ring of positive energy (left blade hand)
Talismans
 B - a blade talisman (active)
Wands
 A - a wand of digging (5)
 D - a wand of roots (11)
 F - a wand of flame (14)
 H - a wand of charming (6)
Scrolls
 a - 2 scrolls of enchant armour {unknown}
 d - a scroll of amnesia {unknown}
 e - 4 scrolls of teleportation {unknown}
 f - 2 scrolls of immolation {unknown}
 g - 4 scrolls of identify {unknown}
 i - a scroll of fear {unknown}
 k - a scroll of vulnerability {unknown}
 o - 2 scrolls of fog {unknown}
 p - a scroll of blinking {unknown}
 q - a scroll of poison {unknown}
 x - a scroll of torment {unknown}
 y - 5 scrolls of noise {unknown}
Potions
 c - 3 potions of might
 h - 2 potions of curing
 j - 2 potions of enlightenment {unknown}
 l - 3 potions of degeneration {unknown}
 m - 2 potions of cancellation {unknown}
 r - 3 potions of heal wounds {unknown}
 z - a potion of ambrosia {unknown}
 C - 2 potions of brilliance {unknown}
 E - a potion of attraction {unknown}
 G - a potion of magic {unknown}
 I - 2 potions of lignification {unknown}


   Skills:
 - Level 6.0 Fighting
 - Level 2.6 Dodging
 + Level 7.5 Unarmed Combat
 * Level 7.2 Shapeshifting


You had 7 spell levels left.
You didn't know any spells.
Your spell library was empty.

Dungeon Overview and Level Annotations

Branches:
Dungeon (7/15)             Temple (0/1) D:7

Altars:
Fedhas
Hepliaklqana
Kikubaaqudgha
Nemelex Xobeh
Sif Muna
Trog

Shops:
D:7 [


Innate Abilities, Weirdness & Mutations

You have blades for hands.
Your maximum health is decreased, since you lack skill for your form.
You are incapable of wielding weapons or throwing items.
You can spit globs of acid.
Your golden yellow scales are hard. (AC +6)
You cannot fit into any form of body armour.
You are cold-blooded and may be slowed by cold attacks.
You are resistant to acid. (rCorr)


Message History

3 yaks come into view.
The yak bellows! x2
There is an open door here.
You closely miss the yak. The yak barely misses you.
You closely miss the yak. You slash the yak!
The yak is moderately wounded.
You slash the yak!
The yak is heavily wounded.
The yak gores you! The yak gores you.
You slice the yak!!
You kill the yak!
Trog accepts your kill. The yak gores you but does no damage.
Your Shapeshifting skill increases to level 7!
You barely miss the yak. Your slash misses the yak.
The yak gores you but does no damage. The yak gores you.
You closely miss the yak. You barely miss the yak. The yak gores you!
The yak closely misses you.
You slice the yak!!
You tail-slap the yak, but do no damage.
The yak is heavily wounded.
The yak misses you. The yak closely misses you.
You slash the yak!
The yak is severely wounded.
The yak gores you!
* * * LOW HITPOINT WARNING * * *
The yak misses you.
You are too injured to fight recklessly!
You are too injured to fight recklessly!
You are too injured to fight recklessly!
A red film seems to cover your vision as you go berserk!
You feel yourself moving faster!
You feel mighty! The yak gores you.
* * * LOW HITPOINT WARNING * * *
The yak gores you.
* * * LOW HITPOINT WARNING * * *
You barely miss the yak. The yak gores you.
* * * LOW HITPOINT WARNING * * *
The yak gores you!
You die...

... .. ##### #.
#...########.########
......+.............#
###.....#.............#
.##.....#......YY.....+ ........#
###@##### ........#
#.......############
.......#######.......##....##....
.##....##...##..............#....
.##..........'..............#....
.#...........#..............'....
.#†.........##.......##+######'##
.#..........##.......##....###...
.#..........................#....


You could see 2 yaks.

Vanquished Creatures
  Prince Ribbit (D:5)
  A yak (D:7)
  A water moccasin (D:6)
  A sky beast (D:7)
  An ogre (D:6)
  3 ice beasts
  A phantom (D:6)
  4 scorpions
  2 bombardier beetles (D:7)
  2 orc priests (D:5)
  A hound (D:7)
  3 iguanas
  Jessica (D:2)
  Natasha (twice) (D:2)
  A sleepcap (D:5)
  3 orc wizards (D:4)
  4 gnolls (D:4)
  8 adders
  2 ufetubi (D:6)
  2 dart slugs
  18 orcs
  8 ball pythons
  An endoplasm (D:1)
  2 giant cockroaches
  6 goblins
  5 hobgoblins
  13 jackals
  4 quokkas
  3 bats
  4 frilled lizards (D:1)
  7 kobolds
  4 rats
119 creatures vanquished.

Notes
Turn   | Place    | Note
-------+----------+-------------------------------------------
     0 | D:1      | jejorda2 the Draconian Berserker began the quest for the
                  | Orb.
     0 | D:1      | Reached XP level 1. HP: 19/19 MP: 1/1
   141 | D:1      | Reached skill level 1 in Shapeshifting
   141 | D:1      | Reached XP level 2. HP: 26/26 MP: 2/2
   992 | D:2      | Noticed Jessica
  1003 | D:2      | Killed Jessica
  1004 | D:2      | Reached XP level 3. HP: 13/33 MP: 3/3
  1114 | D:2      | Noticed Natasha
  1120 | D:2      | Killed Natasha
  1121 | D:2      | Reached XP level 4. HP: 40/40 MP: 4/4
  1136 | D:2      | Noticed Natasha
  1148 | D:2      | Killed Natasha
  1314 | D:2      | Reached ** piety under Trog
  1362 | D:2      | Reached XP level 5. HP: 46/46 MP: 5/5
  2107 | D:3      | Found a faded altar of an unknown god.
  2160 | D:3      | Found an ancient bone altar of Kikubaaqudgha.
  2683 | D:4      | Reached XP level 6. HP: 42/53 MP: 6/6
  3026 | D:4      | Noticed an ice beast
  3034 | D:4      | Killed an ice beast
  3035 | D:4      | Reached skill level 5 in Unarmed Combat
  3049 | D:4      | Reached *** piety under Trog
  3349 | D:4      | Reached skill level 5 in Fighting
  3349 | D:4      | Your scales start taking on a golden yellow colour.
  3349 | D:4      | Reached XP level 7. HP: 48/61 MP: 7/7
  3349 | D:4      | Gained mutation: You are resistant to acid. (rCorr) [Yellow
                  | Draconian growth]
  3861 | D:5      | Entered Level 5 of the Dungeon
  4358 | D:5      | Noticed Prince Ribbit
  4367 | D:5      | Killed Prince Ribbit
  4368 | D:5      | Reached skill level 5 in Shapeshifting
  4524 | D:5      | Found a hazy altar of Hepliaklqana.
  4596 | D:5      | Found a shimmering blue altar of Sif Muna.
  4869 | D:5      | Reached XP level 8. HP: 17/70 MP: 8/8
  5302 | D:6      | Found a sparkling altar of Nemelex Xobeh.
  5781 | D:6      | Found a blossoming altar of Fedhas.
  5782 | D:6      | Found a bloodstained altar of Trog.
  6376 | D:7      | Found a staircase to the Ecumenical Temple.
  6408 | D:7      | Found Ymeam's Armour Emporium.
  6464 | D:7      | Slain by a yak

Illustrated notes

Levels and vault maps discovered:
D:1:      erik_arrival_orb_chamber, layout_loops_corners,
          minmay_misc_feat_diagonals, minivault_26, hangedman_decor_lopped
D:2:      layout_loops_cross, nicolae_eternal_life, minmay_snake_closets,
          uniq_jessica, uniq_natasha
D:3:      layout_loops_cross, nicolae_kikubaaqudgha_miasma_corner,
          hellmonk_ecumenical_altar_dog_temple
D:4:      layout_layer_cave, st_stairs_5
D:5:      layout_cave_pods, mainiacjoe_overflow_alcove_2,
          nicolae_hepliaklqana_hippocampus, uniq_prince_ribbit1
D:6:      layout_basic, mainiacjoe_overflow_24_doors, nicolae_overflow_squiral
D:7:      layout_gridville, minmay_temple_entry_junction, serial_shops,
          nicolae_shop_tiny_glass

Skill      XL: |  1  2  3  4  5  6  7  8 |
---------------+-------------------------+-----
Shapeshifting  | 1 2 3 4 5 7 |  7.2
Fighting       | 4 5 6 |  6.0
Unarmed Combat | 4 5 6 7 |  7.5
Dodging        | |  2.6

Action                     |  1- 3 |  4- 6 |  7- 9 || total
---------------------------+-------+-------+-------++-------
  Melee: Unarmed           |    85 |   190 |   134 ||   409
         Tailslap          |     9 |    26 |    14 ||    49
         Punch             |       |     1 |     5 ||     6
 Invoke: Berserk           |     2 |     1 |     3 ||     6
         Trog's Hand       |       |       |     1 ||     1
Ability: Breathe Acid      |       |       |     6 ||     6
    Use: Potion            |       |       |     2 ||     2
   Stab: Sleeping          |       |       |     1 ||     1
 Armour: Skin              |    37 |   101 |   100 ||   238
  Dodge: Dodged            |    51 |   102 |    72 ||   225
   Form: Blade             |       |       |     1 ||     1
